Map: [ESL] Cosmic Sapphire

Players

DPGDark (Dark) - Winner!

  • Race: Zerg Zerg
  • League: Master
  • Spawn Location: 11:00

Maru

  • Race: Terran Terran
  • League: Master
  • Spawn Location: 5:00

VOD

Have the link to the VOD?

Description

Time

  • Played on: Nov. 6, 2022, 9:09 a.m.
  • Length: 12:46
Show
View Real Time Build Order
Export as new Build Order

DPGDark Zerg - Winner!

Build Orders: Hatch First 

Get SALT Encoding   

  12  0:00  Drone  
  13  0:11  Overlord  
  13  0:17  Drone  
  14  0:30  Drone x2  
  16  0:47  Hatchery  
  15  0:50  Drone  
  15  0:54  Drone  
  17  0:57  Drone  
  18  1:09  Extractor  
  17  1:15  Spawning Pool  
  17  1:18  Drone  
  17  1:21  Drone  
  18  1:28  Drone  
  19  1:39  Drone  
  20  1:49  Drone  
  21  2:01  Queen x2  
  21  2:02  Zergling x4  
  27  2:12  Overlord  
  27  2:14  Drone  
  28  2:25  Hatchery  
  28  2:28  Drone  
  28  2:30  Drone  
  28  2:34  Drone  
  29  2:43  Queen  
  31  2:49  Overlord  
  31  2:50  Drone  
  31  2:51  Drone  
  33  2:54  Drone  
  33  2:57  Drone  
  35  3:00  Metabolic Boost  
  35  3:10  Drone x2  
  35  3:12  Queen  
  37  3:14  Drone  
  37  3:18  Drone x2  
  42  3:21  Overlord  
  42  3:36  Queen  
  42  3:37  Queen  
  42  3:38  Overlord  
  42  3:39  Drone x2  
  42  3:41  Drone  
  49  3:44  Drone x2  
  49  3:48  Drone x2  
  53  3:53  Queen  
  53  3:55  Drone x2  
  57  3:59  Drone x2  
  57  4:01  Drone  
  60  4:07  Drone x2  
  62  4:11  Drone x2, Extractor  
  62  4:12  Queen  
  62  4:14  Overlord  
  65  4:20  Overlord  
  65  4:31  Overlord  
  65  4:35  Overlord  
  65  4:38  Zergling x2, Queen  
  65  4:39  Zergling x8  
  65  4:40  Drone  
  65  4:42  Lair  
  65  4:43  Overlord x2  
  73  4:48  Overlord  
  73  4:50  Drone  
  73  4:51  Drone x4  
  78  4:57  Drone  
  78  4:59  Baneling Nest  
  78  5:00  Spore Crawler  
  78  5:02  Spore Crawler, Drone x2  
  78  5:03  Drone  
  79  5:07  Spore Crawler  
  79  5:08  Zergling x4  
  79  5:13  Drone  
  81  5:14  Drone x3  
  81  5:15  Drone  
  81  5:16  Drone  
  86  5:23  Drone x2  
  88  5:29  Drone x3  
  90  5:38  Zergling x6  
  90  5:39  Drone  
  90  5:41  Drone  
  94  5:45  Drone, Evolution Chamber  
  94  5:46  Hatchery, Evolution Chamber  
  94  5:49  Drone x2, Extractor x2  
  92  5:51  Drone  
  92  5:53  Drone  
  94  5:58  Centrifugal Hooks  
  94  5:59  Hatchery  
  94  6:02  Drone x2  
  94  6:03  Drone x2  
  96  6:04  Extractor  
  95  6:12  Overlord  
  95  6:13  Zergling x10  
  95  6:16  Zergling x2  
  95  6:18  Zerg Ground Armor Level 1, Zerg Melee Weapons Level 1  
  101  6:24  Zergling x4  
  103  6:30  Zergling x2  
  104  6:36  Hatchery  
  104  6:38  Zergling x12  
  109  6:45  Infestation Pit  
  106  6:48  Zergling x4  
  106  6:54  Zergling x6  
  110  6:56  Zergling x2  
  110  6:58  Zergling x4  
  110  6:59  Zergling x6  
  117  7:03  Overlord x2  
  117  7:06  Zergling x6  
  120  7:09  Overlord  
  120  7:10  Overlord  
  120  7:11  Overlord  
  120  7:13  Zergling x4  
  122  7:29  Zergling x20  
  126  7:32  Zergling x2  
  126  7:33  Zergling x2  
  128  7:38  Zergling x8, Baneling x7  
  128  7:39  Zergling x2  
  128  7:41  Baneling x4  
  128  7:42  Zergling x4  
  134  7:45  Baneling x3  
  134  7:48  Zergling x6  
  134  7:50  Baneling x3  
  137  7:55  Zergling x18  
  146  8:03  Baneling x4  
  146  8:04  Baneling x15  
  146  8:05  Zergling x2, Baneling x15  
  146  8:06  Zergling x4  
  146  8:10  Zergling x10  
  153  8:20  Baneling x6  
  152  8:28  Zergling x16  
  159  8:35  Zergling x8  
  159  8:36  Zergling x14  
  138  8:51  Zergling x14  
  138  8:52  Zerg Melee Weapons Level 2, Zerg Ground Armor Level 2  
  138  8:55  Zergling x2  
  130  9:02  Drone x4  
  130  9:03  Infestation Pit, Drone x2  
  130  9:04  Zergling x10, Hydralisk Den  
  130  9:10  Drone  
  130  9:11  Drone  
  130  9:12  Zergling x2  
  130  9:13  Zergling x8  
  135  9:20  Spore Crawler, Drone x3  
  137  9:26  Overseer  
  137  9:29  Baneling x3  
  131  9:32  Zergling x8  
  131  9:36  Grooved Spines  
  131  9:37  Pneumatized Carapace  
  135  9:38  Hatchery  
  135  9:40  Overseer x2  
  135  9:43  Overlord  
  134  9:51  Hydralisk x3  
  140  9:53  Zergling x10  
  140  9:54  Zergling x8  
  149  10:00  Hydralisk x3  
  155  10:10  Zergling x20  
  158  10:27  Zergling x30  
  173  10:33  Hydralisk x2  
  175  10:37  Zergling x8  
  175  10:41  Hive  
  175  10:42  Zergling x4  
  181  10:47  Muscular Augments  
  181  10:54  Drone x2  
  181  10:55  Drone x2  
  181  10:56  Zergling x20  
  191  11:00  Zergling x4  
  191  11:01  Overlord  
  193  11:04  Baneling x10  
  193  11:05  Baneling x2  
  193  11:11  Overlord  
  193  11:12  Baneling  
  193  11:13  Baneling x6  
  193  11:19  Baneling x2  
  193  11:20  Baneling x3  
  193  11:21  Zergling x14  
  193  11:22  Baneling  
  193  11:23  Baneling x3  
  200  11:31  Zergling x8  
  200  11:39  Zergling x2  
  169  11:44  Zergling x2  
  169  11:45  Zergling x40  
  181  11:49  Zergling x8  
  181  11:50  Zergling x2  
  178  12:03  Zergling x16  
  174  12:12  Zergling x18  
  167  12:23  Zergling x12  
  167  12:25  Zergling x2  
Show
View Real Time Build Order
Export as new Build Order

Maru Terran 

Build Orders: Reaper Expand 

Get SALT Encoding   

  12  0:00  SCV  
  13  0:12  SCV  
  14  0:16  Supply Depot  
  14  0:24  SCV  
  15  0:38  SCV  
  15  0:39  Barracks  
  15  0:42  Refinery  
  16  0:50  SCV  
  17  1:02  SCV  
  18  1:14  SCV  
  19  1:26  Reaper, Orbital Command  
  20  1:38  Command Center  
  20  1:50  Supply Depot  
  20  1:51  SCV  
  21  1:58  Marine  
  22  2:04  SCV  
  23  2:14  Factory  
  23  2:16  SCV  
  23  2:20  Barracks Reactor  
  24  2:28  SCV  
  25  2:40  SCV  
  25  2:42  Command Center  
  26  2:49  Orbital Command  
  26  2:52  SCV  
  27  3:00  Starport  
  27  3:03  Refinery  
  27  3:04  SCV  
  28  3:11  Hellion  
  30  3:13  Hellion  
  33  3:20  SCV x2  
  33  3:24  Barracks Tech Lab  
  34  3:32  SCV x2  
  36  3:35  Hellion x2  
  36  3:37  Viking  
  42  3:43  Marine  
  42  3:44  SCV  
  44  3:48  Supply Depot, SCV  
  45  3:55  Orbital Command  
  45  3:56  SCV  
  45  4:01  Hellion  
  45  4:02  Hellion  
  50  4:04  SCV  
  50  4:08  Liberator  
  54  4:11  SCV  
  54  4:15  Supply Depot  
  54  4:16  Marine  
  56  4:19  Stimpack  
  56  4:23  SCV x2  
  58  4:24  Orbital Command  
  58  4:31  Hellion x2  
  62  4:34  Marine  
  62  4:35  SCV x2  
  65  4:40  Engineering Bay  
  65  4:41  Engineering Bay, Refinery  
  65  4:47  SCV x2  
  65  4:48  Supply Depot  
  65  4:52  Marine  
  68  4:54  SCV  
  69  5:01  Barracks, Starport Reactor, Factory Reactor  
  69  5:02  Barracks  
  69  5:05  SCV x2  
  71  5:09  Marine  
  71  5:10  Supply Depot, SCV  
  73  5:17  SCV x2  
  75  5:22  SCV  
  75  5:23  Barracks  
  75  5:24  Barracks  
  75  5:27  Marine  
  77  5:29  SCV x2  
  77  5:34  SCV  
  80  5:41  SCV x2  
  77  5:44  Terran Infantry Armor Level 1, Terran Infantry Weapons Level 1  
  77  5:45  Marine  
  77  5:46  SCV  
  79  5:50  Factory Reactor, Marine x2  
  79  5:53  SCV x2  
  79  5:56  Supply Depot, Refinery  
  83  5:57  Supply Depot  
  83  5:58  SCV  
  83  5:59  Marine  
  83  6:00  Combat Shield, Marine  
  83  6:03  Marine  
  87  6:04  Medivac  
  87  6:05  Medivac  
  87  6:08  SCV, Marine  
  93  6:13  Supply Depot  
  93  6:18  Barracks Reactor x2, SCV x2  
  95  6:20  SCV  
  95  6:21  Marine  
  97  6:27  Marine x3  
  97  6:28  Widow Mine x2  
  97  6:30  SCV x2, Armory  
  97  6:32  SCV  
  107  6:33  Supply Depot  
  107  6:36  Marine  
  107  6:38  Medivac  
  110  6:42  SCV x2  
  110  6:43  Supply Depot  
  110  6:44  SCV  
  110  6:46  Marine x2  
  115  6:48  Medivac  
  117  6:54  SCV x2  
  117  6:56  SCV  
  117  6:57  Command Center  
  117  7:00  Widow Mine  
  117  7:01  Widow Mine  
  124  7:04  Supply Depot  
  124  7:06  SCV x2, Factory  
  126  7:09  Supply Depot  
  126  7:10  Refinery  
  126  7:14  Marine x2  
  128  7:19  Marine x2  
  114  7:30  Marine x5  
  114  7:31  Marine  
  114  7:32  SCV, Marine  
  114  7:33  Medivac x2, Widow Mine x2  
  114  7:36  Marine  
  130  7:38  SCV  
  130  7:41  Marine  
  133  7:48  Marine x5  
  138  7:52  Terran Infantry Weapons Level 2  
  138  7:55  Marine x2  
  138  7:56  SCV  
  138  7:58  Terran Infantry Armor Level 2  
  141  7:59  Refinery  
  141  8:00  Marine  
  141  8:01  Marine  
  143  8:06  Marine x4  
  143  8:08  Factory Tech Lab  
  143  8:12  Barracks x3  
  147  8:14  SCV  
  147  8:16  SCV  
  147  8:18  Supply Depot  
  149  8:20  Marine  
  149  8:21  Marine x3  
  149  8:23  Widow Mine x2  
  157  8:30  Terran Vehicle And Ship Armor Level 1  
  157  8:33  Drilling Claws  
  159  8:35  SCV x2, Siege Tank  
  159  8:36  SCV  
  159  8:37  Supply Depot x2  
  152  8:43  Marine x2  
  152  8:44  Marine x5  
  152  8:47  SCV  
  152  8:48  SCV  
  98  8:58  Marine  
  98  8:59  SCV, Marine  
  98  9:00  SCV, Marine x3, Orbital Command  
  98  9:01  Marine  
  83  9:08  Marine  
  82  9:12  SCV x2  
  83  9:20  Marine x2  
  83  9:24  SCV  
  86  9:28  Widow Mine x3  
  92  9:31  SCV x2  
  92  9:36  Planetary Fortress  
  94  9:42  Marine x2  
  94  9:45  SCV  
  97  9:46  SCV  
  97  9:49  Widow Mine x2  
  97  9:51  Marine x5  
  107  9:53  SCV  
  107  9:58  SCV, Widow Mine  
  111  10:00  Supply Depot  
  111  10:04  SCV  
  112  10:07  Marine x3  
  112  10:09  Medivac x2  
  112  10:11  Widow Mine  
  112  10:12  Widow Mine  
  112  10:13  SCV  
  120  10:18  Marine  
  120  10:19  Siege Tank, Marine x3  
  123  10:22  SCV x3  
  123  10:25  SCV  
  127  10:32  Widow Mine  
  127  10:34  SCV x2, Widow Mine, Marine x4  
  135  10:38  SCV x2  
  137  10:44  Supply Depot  
  137  10:46  SCV  
  138  10:54  Marine  
  138  10:55  Marine x6  
  143  11:01  SCV x2  
  143  11:03  Supply Depot  
  145  11:08  Marauder, Marine  
  148  11:15  SCV  
  148  11:18  SCV x3  
  152  11:24  Barracks Tech Lab x3  
  150  11:28  SCV  
  150  11:30  SCV, Marauder  
  152  11:39  SCV  
  119  11:40  Marine x3  
  119  11:41  Siege Tank  
  119  11:42  SCV, Widow Mine x2  
  119  11:46  Marine x5  
  112  11:48  SCV  
  112  11:51  SCV, Marauder  
  112  11:52  Marine  
  111  12:00  Marine x5  
  107  12:02  Orbital Command  
  107  12:03  Marine  
  99  12:08  Marine x2  
  99  12:12  Marauder  
  99  12:15  Marine x2  
  89  12:18  Marine x3  
  89  12:19  Marine  
  79  12:24  Marine  
  79  12:26  Marine  
Tags
 
Add a new tag
Caveats
  • Supply blocks, unpowered buildings, or Contaminate may cause inaccurate times.
  • Supply counts are checked every 10 seconds.